 Dungeon Sprint DCSS version 0.31.0-9-g3a7656b989 (webtiles) character file.

Game seed: 18047011440229188607

1374 Heoruswealwe the Impaler (level 8, 0/83 HPs)
             Began as a Minotaur Fighter on Feb 5, 2024.
             Was an Initiate of Gozag.
             Slain by a ten-headed hydra (1 damage)
             ... in the Dungeon (Sprint IX: "|||||||||||||||||||||||||||||").
             The game lasted 00:02:28 (197 turns).

Heoruswealwe the Impaler (Minotaur Fighter)          Turns: 197, Time: 00:02:29

Health: 0/83       AC: 21    Str: 23    XL:     8   Next: 39%
Magic:  7/7        EV:  9    Int:  5    God:    Gozag
Gold:   513        SH:  0    Dex: 10    Spells: 7/7 levels left

rFire   . . .        b - +2 halberd (protect)
rCold   . . .        (shield currently unavailable)
rNeg    . . .        c - +1 chain mail
rPois   .            (helmet restricted)
rElec   .            (no cloak)
rCorr   .            (no gloves)
SInv    .            e - +0 pair of boots
Will    .....        (no amulet) Stlth
                     (no ring)
HPRegen 0.33/turn    (no ring)
MPRegen 0.10/turn

%: no teleportation
@: gold aura, under a protective aura
A: horns 2, retaliatory headbutt
a: Renounce Religion, Potion Petition, Call Merchant, Bribe Branch


You were in the Dungeon.
You worshipped Gozag.
Gozag was pleased with you.
You visited 1 branch You collected 513 gold pieces.

Inventory:

Hand Weapons
 a - a +0 trident
 b - a +2 halberd of protection (weapon)
Armour
 c - a +1 chain mail (worn)
 d - a +0 buckler
 e - a +0 pair of boots (worn)
Wands
 h - a wand of roots (10)
Scrolls
 j - 2 scrolls of blinking
Potions
 f - 3 potions of heal wounds
 g - a potion of haste
 i - a potion of berserk rage
 k - a potion of might
 l - 5 potions of curing


   Skills:
 + Level 11.8 Fighting
 * Level 15.7 Polearms
 + Level 11.8 Armour
 - Level 3.6 Shields


You had 7 spell levels left.
You didn't know any spells.
Your spell library was empty.

Dungeon Overview and Level Annotations

Branches:
Dungeon (1/1)

Altars:
Cheibriados
Dithmenos
Elyvilon
Fedhas
Gozag
Hepliaklqana
Kikubaaqudgha
Makhleb
Nemelex Xobeh
Okawaru
Qazlal
Ru
Sif Muna
Trog
Uskayaw
Vehumet
Wu Jian
Xom
Yredelemnul
Zin
The Shining One
Jiyva
Lugonu


Innate Abilities, Weirdness & Mutations

You have a pair of horns on your head.
You reflexively headbutt those who attack you in melee.


Message History

The seven-headed hydra bites you but does no damage. x2
The seven-headed hydra bites you!
You chop one of the seven-headed hydra's heads off!
The six-headed hydra grows two more!
You slice the eight-headed hydra!!
The eight-headed hydra is moderately wounded.
The slime creature is engulfed in blazing flames.
The shadow slips into darkness.
The shadow flickers and vanishes!
Deactivating autopickup; reactivate with Ctrl-A.
You lop one of the eight-headed hydra's heads off!
The seven-headed hydra grows two more!
You slice the nine-headed hydra!!
The nine-headed hydra is heavily wounded.
The nine-headed hydra bites you but does no damage. x3
The nine-headed hydra closely misses you.
The nine-headed hydra bites you. The nine-headed hydra bites you!
The nine-headed hydra bites you but does no damage.
The nine-headed hydra bites you!
* * * LOW HITPOINT WARNING * * *
The nine-headed hydra bites you but does no damage.
You barely miss the nine-headed hydra.
The nine-headed hydra is heavily wounded.
The slime creature is engulfed in blazing flames.
The boulder beetle is distracted by your dazzling golden aura.
The nine-headed hydra bites you!
* * * LOW HITPOINT WARNING * * *
The nine-headed hydra bites you but does no damage. x6
The nine-headed hydra bites you!
* * * LOW HITPOINT WARNING * * *
The nine-headed hydra bites you.
* * * LOW HITPOINT WARNING * * *
You hack one of the nine-headed hydra's heads off!
The eight-headed hydra grows two more!
You slice the ten-headed hydra!!
The ten-headed hydra is severely wounded.
The boulder beetle is no longer distracted by gold.
The slime creature is engulfed in blazing flames.
The ten-headed hydra bites you.
* * * LOW HITPOINT WARNING * * *
The ten-headed hydra barely misses you. The ten-headed hydra bites you.
You die...
Your body crumbles into a pile of gold. ▓▓▓▓▓▓▓▓▓▓▓▓▓▓▓▓▓▓▓▓▓▓▓▓▓ ...{°JRD@...))B.=[=[)?!'_ ▓▓▓▓▓▓▓▓▓▓▓▓▓▓▓▓▓▓▓▓▓▓▓▓▓

You could see a boulder beetle, a ten-headed hydra, a slime creature and an efreet.

Vanquished Creatures
  An ugly thing (D)
  A gargoyle (D)
  A wyvern (D)
  A yak (D)
  An ogre (D)
  3 kobold brigands (D)
  A phantom (D)
  2 hounds (D)
  An adder (D)
  A ball python (D)
  A kobold (D)
  2 bats (D)
  A frilled lizard (D)
17 creatures vanquished.

Notes
Turn   | Place    | Note
-------+----------+-------------------------------------------
     0 | D        | Heoruswealwe the Minotaur Fighter began the quest for the
                  | Orb.
     0 | D        | Reached XP level 1. HP: 19/19 MP: 0/0
     8 | D        | Reached skill level 3 in Polearms
    21 | D        | Noticed an ogre
    21 | D        | Noticed a phantom
    21 | D        | Noticed a hound
    21 | D        | Noticed a hound
    24 | D        | Killed a hound
    25 | D        | Reached skill level 5 in Fighting
    25 | D        | Reached skill level 5 in Polearms
    25 | D        | Reached skill level 5 in Armour
    25 | D        | Reached XP level 2. HP: 29/29 MP: 1/1
    25 | D        | Reached XP level 3. HP: 36/36 MP: 2/2
    31 | D        | Reached skill level 7 in Polearms
    43 | D        | Killed a phantom
    44 | D        | Reached skill level 8 in Polearms
    44 | D        | Reached XP level 4. HP: 33/45 MP: 3/3
    44 | D        | Reached XP level 5. HP: 38/51 MP: 4/4
    46 | D        | Killed an ogre
    47 | D        | Reached skill level 10 in Polearms
    58 | D        | Found a snail-covered altar of Cheibriados.
    58 | D        | Found a shadowy altar of Dithmenos.
    58 | D        | Found a white marble altar of Elyvilon.
    58 | D        | Found a blossoming altar of Fedhas.
    58 | D        | Found an opulent altar of Gozag.
    59 | D        | Found a hazy altar of Hepliaklqana.
    60 | D        | Found a viscous altar of Jiyva.
    61 | D        | Found an ancient bone altar of Kikubaaqudgha.
    62 | D        | Found a corrupted altar of Lugonu.
    63 | D        | Found a burning altar of Makhleb.
    64 | D        | Found a sparkling altar of Nemelex Xobeh.
    65 | D        | Found an iron altar of Okawaru.
    66 | D        | Became a worshipper of Gozag Ym Sagoz the Greedy
    67 | D        | Found a stormy altar of Qazlal.
    68 | D        | Found a sacrificial altar of Ru.
    69 | D        | Found a shimmering blue altar of Sif Muna.
    70 | D        | Found a bloodstained altar of Trog.
    71 | D        | Found a hide-covered altar of Uskayaw.
    72 | D        | Found a radiant altar of Vehumet.
    73 | D        | Found an ornate altar of the Wu Jian Council.
    74 | D        | Found a shimmering altar of Xom.
    75 | D        | Found a basalt altar of Yredelemnul.
    76 | D        | Found a glowing silver altar of Zin.
    77 | D        | Found a glowing golden altar of the Shining One.
   141 | D        | Noticed a wyvern
   141 | D        | Noticed a yak
   141 | D        | Noticed a gargoyle
   145 | D        | Killed a gargoyle
   146 | D        | Reached skill level 12 in Polearms
   146 | D        | Reached XP level 6. HP: 46/66 MP: 5/5
   146 | D        | Reached XP level 7. HP: 50/71 MP: 6/6
   148 | D        | Killed a yak
   149 | D        | Reached skill level 10 in Fighting
   149 | D        | Reached skill level 13 in Polearms
   149 | D        | Reached skill level 10 in Armour
   153 | D        | Killed a wyvern
   154 | D        | Reached skill level 14 in Polearms
   173 | D        | Reached XP level 8. HP: 47/82 MP: 7/7
   184 | D        | Noticed a slime creature
   184 | D        | Noticed an efreet
   184 | D        | Noticed a boulder beetle
   184 | D        | Noticed a seven-headed hydra
   184 | D        | Noticed a red ugly thing
   191 | D        | Killed a red ugly thing
   192 | D        | Reached skill level 15 in Polearms
   197 | D        | HP: 1/83 [ten-headed hydra (5)]
   197 | D        | Slain by a ten-headed hydra

Illustrated notes

Levels and vault maps discovered:
D:        linesprint [early_d, line_temple, items_1, d_10, items_2, lair_1,
          lair_end, items_3, orc_1, orc_end, items_4, d_15, swamp_1, shoals_1,
          snake_1, spider_1, d_20, vaults_1, items_5, swamp_end, shoals_end,
          snake_end, spider_end, vaults_end, d_27, items_6, zot_1, zot_end,
          crypt_end, forest_end, elf_end, slime_end, tomb_end, abyss_end,
          pan_hell_end]

Skill      XL: |  1  2  3  4  5  6  7  8 |
---------------+-------------------------+-----
Polearms       | 5 8 12 14 15 | 15.7
Fighting       | 5 6 9 11 | 11.8
Armour         | 5 6 9 11 | 11.8
Shields        | |  3.6

Action                     |  1- 3 |  4- 6 |  7- 9 || total
---------------------------+-------+-------+-------++-------
  Melee: Trident           |    31 |     8 |       ||    39
         Headbutt          |     2 |     2 |     4 ||     8
         Halberd           |       |     4 |    39 ||    43
   Stab: Distracted        |       |       |     1 ||     1
 Armour: Scale mail        |    24 |     3 |       ||    27
         Chain mail        |       |     3 |    36 ||    39
  Dodge: Dodged            |     8 |     1 |    15 ||    24
  Block: Buckler           |     4 |     2 |       ||     6
